 Dungeon Crawl Stone Soup version 0.22-b1-21-g5cfc1688f2 (webtiles) character file.

2594 SilenceIsGolden the Fighter (level 9, -6/63 HPs)
             Began as a Gargoyle Fighter on Aug 8, 2018.
             Was a Believer of Trog.
             Mangled by a two-headed ogre
             ... wielding a +0 giant club
              (13 damage)
             ... on level 7 of the Dungeon.
             The game lasted 00:28:31 (5721 turns).

SilenceIsGolden the Fighter (Gargoyle Fighter)      Turns: 5721, Time: 00:28:31

Health: -6/63      AC: 14    Str: 23    XL:     9   Next: 58%
Magic:  9/9        EV: 11    Int:  9    God:    Trog [**....]
Gold:   258        SH:  0    Dex:  9    Spells: 8/8 levels left

rFire    . . .     SeeInvis .   k - +1 battleaxe (freeze)
rCold    + . .     Gourm    .   (shield currently unavailable)
rNeg     + . .     Faith    .   w - +0 leather armour {rC+}
rPois    ∞         Spirit   .   (no helmet)
rElec    +         Reflect  .   (no cloak)
rCorr    +         Harm     .   (no gloves)
MR       .....                  o - +0 pair of boots
Stlth    +.........             (no amulet)
HPRegen  0.20/turn              B - +3 ring of protection
MPRegen  0.11/turn              v - ring of resist corrosion

@: no status effects
A: negative energy resistance 1, electricity resistance, unbreathing,
petrification resistance, rot immunity, AC +6
a: Berserk, Trog's Hand, Renounce Religion


You were on level 7 of the Dungeon.
You worshipped Trog.
Trog was pleased with you.
You were very hungry.

You visited 1 branch of the dungeon, and saw 7 of its levels.

You collected 258 gold pieces.

Inventory:

Hand Weapons
 a - a +0 war axe
 k - a +1 battleaxe of freezing (weapon)
Armour
 b - a +0 scale mail
 c - a +0 shield
 o - a +0 pair of boots (worn)
 w - a +0 leather armour of cold resistance (worn)
Jewellery
 v - a ring of resist corrosion (right hand)
 x - an uncursed ring of magical power
 A - an uncursed ring of attention
 B - a +3 ring of protection (left hand)
 G - an uncursed ring of flight
Wands
 y - a wand of digging (9)
 E - a wand of disintegration (15)
Scrolls
 e - a scroll of enchant armour {unknown}
 g - a scroll of brand weapon {unknown}
 i - a scroll of magic mapping
 p - a scroll of fog
 r - 2 scrolls of identify
 s - a scroll of teleportation {unknown}
 t - 2 scrolls of fear
 D - 2 scrolls of remove curse
Potions
 d - 3 potions of might
 h - a potion of heal wounds
 j - 3 potions of ambrosia
 l - a potion of lignification
 m - a potion of flight {unknown}
 n - a potion of brilliance
 q - a potion of invisibility
 u - 2 potions of agility
 z - a potion of haste {unknown}
 C - a potion of degeneration {unknown}
 F - 2 potions of curing {unknown}
Comestibles
 f - 10 rations


   Skills:
 + Level 10.3 Fighting
 + Level 8.4 Axes
 - Level 3.4 Armour
 - Level 3.4 Shields


You had 8 spell levels left.
You didn't know any spells.
Your spell library was empty.

Dungeon Overview and Level Annotations

Branches:
Dungeon (7/15)             Temple (0/1) D:5

Altars:
Cheibriados
Elyvilon
Hepliaklqana
Qazlal
Trog
Yredelemnul
The Shining One

Shops:
D:5 }


Innate Abilities, Weirdness & Mutations

You are resistant to torment.
Your stone body is resilient. (AC +6)
You are immune to poison.
You resist negative energy. (rN+)
You are resistant to electric shocks. (rElec)
You can survive without breathing.
You are immune to petrification.
You are immune to rotting.


Message History

The two-headed ogre is almost dead.
The two-headed ogre hits you with a giant club!
* * * LOW HITPOINT WARNING * * *
The two-headed ogre closely misses you.
There is an open door here.
There is an open door here.
You see here a sling bullet.
Items here: ( )) [ † an uncursed quarterstaff; an uncursed hunting sling; 22 sling bullets a ring mail; the human corpse of Joseph You see here a poisoned needle.
You see here a stone.
You see here a sling bullet.
Items here: ( )) † an uncursed short sword; an uncursed blowgun; 8 poisoned needles a kobold corpse The two-headed ogre hits you with a giant club!!
* * * LOW HITPOINT WARNING * * *
The two-headed ogre hits you with a giant spiked club!
You die...

#.......
###############.......
#....KK...............
#K#############....%..
#.# ######..
#.######### #..
#...KK....# #..
#########.##########..
#..>.@O..K.K..........
#.#'###.#'############
#..........# #).......
#..........# #.....(##
#..........# #......#
#.......!..# #......##
#..........# #.....K.K
#..........# #........
#........K.# ####'##..


You could see a two-headed ogre, a big kobold and a kobold.

Vanquished Creatures
  Joseph (D:7)
  Grinder (D:5)
  Eustachio (D:4)
  An orc warrior (D:7)
  2 ice beasts
  A necrophage (D:7)
  2 phantoms (D:6)
  2 sky beasts (D:5)
  A centaur (D:6)
  4 ogres
  A bullfrog (D:6)
  A howler monkey (D:7)
  2 crimson imps
  A bullfrog zombie (D:6)
  3 hounds
  A jelly (D:5)
  A bullfrog skeleton (D:7)
  3 orc wizards
  2 iguanas
  3 worker ants
  2 hound zombies (D:6)
  2 hound skeletons
  4 gnolls (D:5)
  6 adders
  A shadow imp (D:5)
  An ooze (D:2)
  An adder skeleton (D:5)
  3 worms
  2 dart slugs (D:2)
  6 leopard geckos
  9 orcs
  3 giant cockroaches
  3 goblins
  5 hobgoblins
  4 jackals (D:5)
  2 quokkas
  A ball python (D:2)
  2 bats
  4 frilled lizards
  A jackal skeleton (D:6)
  13 kobolds
  A quokka zombie (D:7)
  12 rats
122 creatures vanquished.

Notes
Turn   | Place    | Note
-------+----------+-------------------------------------------
     0 | D:1      | SilenceIsGolden the Gargoyle Fighter began the quest for the Orb.
     0 | D:1      | Reached XP level 1. HP: 14/14 MP: 1/1
    94 | D:1      | Reached XP level 2. HP: 17/19 MP: 2/2
   635 | D:1      | Reached XP level 3. HP: 24/24 MP: 3/3
   764 | D:2      | Reached skill level 4 in Fighting
   970 | D:2      | Found a basalt altar of Yredelemnul.
  1098 | D:2      | Reached XP level 4. HP: 12/30 MP: 4/4
  2109 | D:3      | Found a white marble altar of Elyvilon.
  2119 | D:3      | Found a bloodstained altar of Trog.
  2131 | D:3      | Became a worshipper of Trog the Wrathful
  2148 | D:3      | Found a snail-covered altar of Cheibriados.
  2151 | D:3      | Found a glowing golden altar of the Shining One.
  2400 | D:3      | Reached XP level 5. HP: 26/34 MP: 5/5
  2702 | D:3      | Found a hazy altar of Hepliaklqana.
  2891 | D:4      | Noticed Eustachio
  2909 | D:4      | Killed Eustachio
  2909 | D:4      | Reached skill level 5 in Fighting
  2909 | D:4      | Reached XP level 6. HP: 34/41 MP: 6/6
  3103 | D:4      | Found a stormy altar of Qazlal.
  3345 | D:5      | Entered Level 5 of the Dungeon
  3377 | D:5      | Reached * piety under Trog
  3424 | D:5      | Found Toinic's Gadget Shop.
  3543 | D:5      | Reached skill level 6 in Fighting
  3574 | D:5      | Noticed a sky beast
  3592 | D:5      | Killed a sky beast
  3592 | D:5      | Reached XP level 7. HP: 29/47 MP: 7/7
  3858 | D:5      | Reached skill level 5 in Axes
  3939 | D:5      | Noticed Grinder
  3978 | D:5      | Paralysed by Grinder for 2 turns
  3980 | D:5      | Killed Grinder
  3980 | D:5      | Reached skill level 7 in Fighting
  4218 | D:5      | Found a staircase to the Ecumenical Temple.
  4448 | D:6      | Reached XP level 8. HP: 53/53 MP: 8/8
  4576 | D:6      | Reached skill level 8 in Fighting
  4974 | D:6      | Reached skill level 9 in Fighting
  5304 | D:7      | Reached XP level 9. HP: 60/60 MP: 9/9
  5379 | D:7      | HP: 2/60 [orc warrior/trident (11)]
  5386 | D:7      | Reached ** piety under Trog
  5583 | D:7      | Noticed Joseph
  5613 | D:7      | Noticed a two-headed ogre
  5614 | D:7      | Killed Joseph
  5614 | D:7      | Reached skill level 10 in Fighting
  5721 | D:7      | Mangled by a two-headed ogre

Skill      XL: |  1  2  3  4  5  6  7  8  9 |
---------------+----------------------------+-----
Axes           | 2 3 4 5 7 8 |  8.4
Fighting       | 4 5 6 7 9 10 | 10.3
Armour         | |  3.4
Shields        | |  3.4

Action                   |  1- 3 |  4- 6 |  7- 9 || total
-------------------------+-------+-------+-------++-------
Melee: War axe           |   111 |   169 |    54 ||   334
       Battleaxe         |       |       |   133 ||   133
  Use: Potion            |       |     3 |     5 ||     8
       Scroll            |       |     2 |     4 ||     6
 Stab: Sleeping          |       |       |     1 ||     1
  Eat: Chunk             |       |     8 |       ||     8
       Ration            |       |       |     2 ||     2
Armor: Scale mail        |    54 |    41 |       ||    95
       Leather armour    |       |    42 |    97 ||   139
Dodge: Dodged            |    31 |    53 |   117 ||   201
Block: Shield            |    65 |    78 |    15 ||   158
